 Dungeon Crawl Stone Soup version 0.14-a0-1313-gb2df4ef (webtiles) character file.

162 July the Covered (level 4, 0/33 HPs)
             Began as a Formicid Fighter on Dec 5, 2013.
             Slain by Crazy Yiuf
             ... wielding a +4,+4 quarterstaff of chaos
              (7 damage)
             ... on Level 2 of the Dungeon.
             The game lasted 00:06:24 (1511 turns).

July the Covered (Formicid Fighter)                 Turns: 1511, Time: 00:06:25

HP   0/33        AC  8     Str 21      XL: 4   Next: 29%
MP   0/4         EV  6     Int  7      God:
Gold 110         SH 18     Dex 11      Spells:  0 memorised,  3 levels left

rFire  . . .     SeeInvis +     a - +0 falchion
rCold  . . .     Clarity  .     b - +0 scale mail
rNeg   . . .     Conserve .     h - +0 elf shield
rPois  x         rCorr    .     (helmet unavailable)
rElec  .         rRot     .     (no cloak)
SustAb . .       Spirit   .     (no gloves)
rMut   .         Warding  .     (no boots)
Saprov . . .     Stasis   +     (no amulet)
                                (no ring)
                                (no ring)

@: quite poisoned, slightly resistant to hostile enchantments, extremely
unstealthy
A: permanent stasis, dig shafts and tunnels, four strong arms, poison weakness,
antennae 3, exoskeleton 1
a: Dig, Shaft Self


You were on level 2 of the Dungeon.
You were hungry.

You visited 1 branch of the dungeon, and saw 2 of its levels.

You collected 110 gold pieces.

Inventory:

Hand weapons
 a - a +0,+0 falchion (weapon)
Missiles
 e - 38 darts (quivered)
Armour
 b - a +0 scale mail (worn)
 h - a +0 elven shield (worn)
Comestibles
 d - a bread ration
 f - a choko
 i - 3 pears
 j - a rotting chunk of goblin flesh
 o - a rotting chunk of adder flesh
Scrolls
 c - a scroll of teleportation {unknown}
 m - a scroll of immolation {unknown}
 n - a scroll of identify
Potions
 g - a potion of speed {unknown}
 k - 3 potions of curing {unknown}
 l - a potion of restore abilities {unknown}
 p - a potion of heal wounds {unknown}


   Skills:
 - Level 3.0 Fighting
 * Level 2.8 Long Blades
 - Level 5.0 Armour
 - Level 3.0 Shields


You had 3 spell levels left.
You didn't know any spells.

Dungeon Overview and Level Annotations

Branches:
Dungeon (2/16)

Altars:
Okawaru

Annotations:
D:2 Crazy Yiuf


Innate Abilities, Weirdness & Mutations

Your are under a permanent stasis effect.
You can dig through walls and to a lower floor.
Your four strong arms can wield any weapon, most with a shield.
You are susceptible to poison.
You have a pair of large antennae on your head (SInv).
Your body is surrounded by an exoskeleton. (HP +5, AC +1)


Message History

Crazy Yiuf laughs, "Race head snail!"
Crazy Yiuf drinks a potion.
Crazy Yiuf is healed!
Your shield and scale mail prevent you from hitting Crazy Yiuf.
You block Crazy Yiuf's attack.
Crazy Yiuf screams, "Trifle!"
You block Crazy Yiuf's attack.
Your shield and scale mail prevent you from hitting Crazy Yiuf.
Crazy Yiuf hits you with a quarterstaff of chaos!
You feel your power leaking away.
Your shield and scale mail prevent you from hitting Crazy Yiuf.
Crazy Yiuf hits you with a quarterstaff of chaos.
* * * LOW HITPOINT WARNING * * *
You are poisoned.
You hit Crazy Yiuf.
Crazy Yiuf is lightly wounded.
* * * LOW HITPOINT WARNING * * *
You feel sick.
Crazy Yiuf says, "Cards!"
Crazy Yiuf hits you with a quarterstaff of chaos!
You die...

###.### #
#.# # #.#
#.# #.#
##### .
#..)# #...#
#.g.# #
♣##@## #
♣♣♣.♣♣ #
♣♣♣.♣♣♣
####### #
♣♣♣.♣♣♣
#.....### ##
♣♣.♣♣♣♣
###.....# #.
♣♣♣.♣♣♣♣
##.###.###.
♣♣.))♣♣♣
#..# #.....
♣♣f))f♣♣
##..###.###.
##+..+##
#.......# #.


You could see Crazy Yiuf.

Vanquished Creatures
  An adder (D:2)
  9 goblins
  2 hobgoblins (D:1)
  7 kobolds
  2 oozes (D:1)
  2 quokkas (D:2)
  A ball python (D:1)
  4 bats
  3 giant cockroaches
  2 giant geckos (D:1)
  2 giant newts
  7 rats
42 creatures vanquished.

Notes
Turn   | Place    | Note
--------------------------------------------------------------
     0 | D:1      | July, the Formicid Fighter, began the quest for the Orb.
     0 | D:1      | Reached XP level 1. HP: 19/19 MP: 1/1
   135 | D:1      | Reached skill level 4 in Armour
   135 | D:1      | Reached XP level 2. HP: 24/24 MP: 2/2
   421 | D:1      | Reached XP level 3. HP: 21/28 MP: 3/3
   575 | D:1      | Reached skill level 5 in Armour
   983 | D:2      | Found an iron altar of Okawaru.
  1149 | D:2      | Reached XP level 4. HP: 33/33 MP: 4/4
  1503 | D:2      | Noticed Crazy Yiuf
  1511 | D:2      | Slain by Crazy Yiuf

Action                   |  1- 3 |  4- 6 || total
-------------------------+-------+-------++-------
Melee: Falchion          |   137 |    19 ||   156
  Use: Scroll            |       |     2 ||     2
